 Dungeon Crawl Stone Soup version 0.23.2-1-ga50397a (webtiles) character file.

Game seed: 15466223423139999403

7671 Kahsius the Cleaver (level 10, -10/93 HPs)
             Began as a Minotaur Berserker on Apr 29, 2019.
             Was a High Priest of Trog.
             Mangled by Erica
             ... wielding a +4 scimitar of flaming
              (11 damage)
             ... on level 1 of the Orcish Mines on Apr 30, 2019.
             The game lasted 00:36:54 (9509 turns).

Kahsius the Cleaver (Minotaur Berserker)            Turns: 9509, Time: 00:36:55

Health: -10/93     AC: 13    Str: 21    XL:     10   Next: 99%
Magic:  9/9        EV: 12    Int:  4    God:    Trog [*****.]
Gold:   607        SH:  0    Dex: 14    Spells: 9/9 levels left

rFire    . . .     SeeInvis .   y - +3 hand axe
rCold    + . .     Gourm    .   (no shield)
rNeg     . . .     Faith    .   D - +0 chain mail
rPois    .         Spirit   .   (helmet restricted)
rElec    .         Reflect  .   d - +1 cloak
rCorr    .         Harm     .   (no gloves)
MR       ++...                  (no boots)
Stlth    ..........             (no amulet)
HPRegen  1.25/turn              h - ring of protection from cold
MPRegen  0.11/turn              (no ring)

@: lethally poisoned (-10 -> -11), regenerating
A: retaliatory headbutt, horns 2
a: Berserk, Trog's Hand, Brothers in Arms, Renounce Religion


You were on level 1 of the Orcish Mines.
You worshipped Trog.
Trog was extremely pleased with you.
You were not hungry.

You visited 2 branches of the dungeon, and saw 11 of its levels.
You also visited: Ossuary.

You collected 607 gold pieces.

Inventory:

Hand Weapons
 f - the +7 dagger "Retuny" {drain, MR+}
   (You took it off a big kobold on level 6 of the Dungeon)

   A truly terrible weapon, it drains the life of those it strikes.
   It affects your resistance to hostile enchantments.
 y - a +3 hand axe (weapon)
 F - a +0 giant spiked club
Armour
 d - a +1 cloak (worn)
 D - a +0 chain mail (worn)
Jewellery
 h - a ring of protection from cold (left hand)
Wands
 a - a wand of disintegration (26)
 B - a wand of polymorph (9)
 C - a wand of paralysis (8)
 G - a wand of iceblast (12)
Scrolls
 e - 6 scrolls of remove curse
 g - a scroll of noise {unknown}
 i - 3 scrolls of identify
 l - 5 scrolls of teleportation
 m - 2 scrolls of random uselessness {unknown}
 q - a scroll of enchant weapon {unknown}
 r - 2 scrolls of enchant armour {unknown}
 s - a scroll of immolation {unknown}
 v - a scroll of torment {unknown}
 w - 4 scrolls of amnesia {unknown}
Potions
 b - a potion of invisibility {unknown}
 j - 4 potions of curing
 k - a potion of ambrosia {unknown}
 n - 4 potions of brilliance
 o - a potion of might {unknown}
 p - 4 potions of mutation {unknown}
 t - 2 potions of haste
 u - 5 potions of heal wounds
 x - 3 potions of degeneration {unknown}
 z - a potion of resistance {unknown}
 A - 2 potions of lignification {unknown}
 E - 3 potions of magic {unknown}
Comestibles
 c - 14 rations
 H - 7 chunks of flesh


   Skills:
 + Level 9.8 Fighting
 * Level 12.9 Axes
 + Level 9.4 Armour
 + Level 8.6 Dodging


You had 9 spell levels left.
You didn't know any spells.
Your spell library was empty.

Dungeon Overview and Level Annotations

Branches:
Dungeon (9/15)             Temple (0/1) D:6             Orc (2/2) D:9
   Lair: D:8-11         Elf: Orc:2

Altars:
Elyvilon
Fedhas
Makhleb
Nemelex Xobeh
Ru
Trog
Wu Jian
Xom

Annotations:
Orc:1 Erica


Innate Abilities, Weirdness & Mutations

You reflexively headbutt those who attack you in melee.
You have a pair of horns on your head.


Message History

Your headbutt misses something. You slash something!
Your headbutt misses something. Something hits you!
* * * LOW HITPOINT WARNING * * *
Something burns you.
* * * LOW HITPOINT WARNING * * *
You feel much better. Something barely misses you. Something hits you!
Something burns you. Something hits you.
* * * LOW HITPOINT WARNING * * *
Something burns you.
* * * LOW HITPOINT WARNING * * *
You hear some strange, mumbled words.
A bolt of poison appears from out of thin air!
The bolt of poison hits you!!
You are poisoned.
* * * LOW HITPOINT WARNING * * *
* * * LOW HITPOINT WARNING * * *
You feel sick.
* * * LOW HITPOINT WARNING * * *
You feel sick. Something hits you!
You die...

#....## ##.....##
##.......### ###
#.....>....##
##.#####.........#
##...##..........###
##.#.##.............##
#...........#........##
##.#....[..##@........##
##......[.####.........##
##.......[#####..........#
#........)...#............#
##..###...).............#..#
#...##...).)........##.##...
###.####.......<.....# ..#
.# #.#.# ###.#.........# .##
....# #.##......### ##


There were no monsters in sight!

Vanquished Creatures
  The ghost of Aske the Cutter, a novice GrGl of Ashenzari (D:6)
  Pikel (D:6)
  A kobold demonologist (D:6)
  2 hippogriffs
  3 hungry ghosts
  Edmund (D:5)
  Grum (D:8)
  Duvessa (D:6)
  An ice beast (D:7)
  A slave (D:6)
  4 phantoms
  3 orc warriors
  A black bear (D:8)
  8 ogres
  2 sky beasts (D:6)
  3 wolves (D:8)
  3 centaurs
  An elf zombie (Ossuary)
  Blork the orc (D:5)
  11 big kobolds (D:6)
  7 bullfrogs
  Dowan (D:6)
  A wyvern skeleton (D:7)
  2 scorpions
  4 wights (D:4)
  2 howler monkeys
  2 crimson imps
  2 hounds
  2 quasits
  8 orc priests
  15 orc wizards
  A bullfrog skeleton (D:5)
  Crazy Yiuf (D:3)
  3 human zombies (Ossuary)
  Natasha (twice) (D:3)
  3 iguanas
  4 worker ants
  A killer bee zombie (D:7)
  A big kobold zombie (Ossuary)
  A hound skeleton (D:4)
  2 mummies (Ossuary)
  7 adders
  An ooze (D:3)
  3 adder zombies (Ossuary)
  3 worms
  A dart slug (D:2)
  6 leopard geckos
  57 orcs
  8 bats
  4 giant cockroaches
  6 hobgoblins
  5 jackals
  2 quokkas
  3 frilled lizards (D:2)
  7 goblins
  2 goblin zombies (Ossuary)
  8 hobgoblin zombies (Ossuary)
  3 jackal zombies
  7 kobolds
  7 kobold zombies (Ossuary)
  2 leopard gecko zombies
  11 orc zombies (Ossuary)
  5 rats
273 creatures vanquished.

Vanquished Creatures (collateral kills)
  2 orc warriors (Orc:1)
  3 orc wizards (Orc:1)
  2 orcs (Orc:1)
7 creatures vanquished.

Vanquished Creatures (others)
  A bullfrog (D:6)
  A fungus (D:6)
  2 plants (D:6)
4 creatures vanquished.

Grand Total: 284 creatures vanquished

Notes
Turn   | Place    | Note
-------+----------+-------------------------------------------
     0 | D:1      | Kahsius the Minotaur Berserker began the quest for the Orb.
     0 | D:1      | Reached XP level 1. HP: 19/19 MP: 0/0
   356 | D:1      | Reached XP level 2. HP: 27/27 MP: 1/1
   467 | D:1      | Reached skill level 4 in Axes
  1125 | D:2      | Reached XP level 3. HP: 33/33 MP: 2/2
  1216 | D:2      | Reached ** piety under Trog
  1881 | D:3      | Reached XP level 4. HP: 35/40 MP: 3/3
  2151 | D:3      | Noticed Natasha
  2170 | D:3      | Reached skill level 5 in Axes
  2174 | D:3      | Reached XP level 5. HP: 47/47 MP: 4/4
  2178 | D:3      | Killed Natasha
  2264 | D:3      | Reached *** piety under Trog
  2308 | D:3      | Noticed Natasha
  2311 | D:3      | Killed Natasha
  2335 | D:3      | Reached XP level 6. HP: 51/55 MP: 5/5
  2524 | D:3      | Found a runed translucent door.
  2525 | D:3      | Noticed Crazy Yiuf
  2530 | D:3      | Killed Crazy Yiuf
  2530 | D:3      | Reached skill level 6 in Axes
  2820 | D:4      | Reached skill level 5 in Fighting
  3132 | D:4      | Reached XP level 7. HP: 36/61 MP: 6/6
  3486 | D:4      | Reached skill level 7 in Axes
  3627 | D:5      | Entered Level 5 of the Dungeon
  3665 | D:5      | Reached skill level 5 in Armour
  3876 | D:5      | Noticed Blork the orc
  3886 | D:5      | Killed Blork the orc
  4195 | D:5      | Reached skill level 8 in Axes
  4195 | D:5      | Reached XP level 8. HP: 70/70 MP: 7/7
  4314 | D:5      | Reached skill level 5 in Dodging
  4553 | D:5      | Noticed Edmund
  4562 | D:5      | Killed Edmund
  4954 | D:6      | Noticed Duvessa
  4955 | D:6      | Noticed Dowan
  4967 | D:6      | Killed Duvessa
  4970 | D:6      | Killed Dowan
  5062 | D:6      | Reached skill level 9 in Axes
  5118 | D:6      | Noticed Pikel
  5126 | D:6      | Killed Pikel
  5126 | D:6      | Reached XP level 9. HP: 79/79 MP: 8/8
  5179 | D:6      | Found a sand-covered staircase.
  5190 | Ossuary  | Entered an ossuary
  5222 | Ossuary  | Reached **** piety under Trog
  5529 | D:6      | Reached skill level 10 in Axes
  5806 | D:6      | Reached ***** piety under Trog
  5868 | D:6      | Found a runed translucent gate.
  5869 | D:6      | Found a runed translucent gate.
  5869 | D:6      | Noticed Aske's ghost (novice GrGl)
  5870 | D:6      | Found a runed translucent gate.
  5870 | D:6      | Identified the +7 dagger "Retuny" {drain, MR+}
  5870 | D:6      | Noticed a kobold demonologist
  5944 | D:6      | Found a staircase to the Ecumenical Temple.
  5997 | D:6      | Found a shimmering altar of Xom.
  6171 | D:6      | Killed Aske's ghost
  6266 | D:6      | Killed a kobold demonologist
  6266 | D:6      | Reached skill level 11 in Axes
  6304 | D:6      | Reached XP level 10. HP: 86/90 MP: 9/9
  6611 | D:7      | Found a white marble altar of Elyvilon.
  6815 | D:7      | Found a blossoming altar of Fedhas.
  6970 | D:7      | Found a shimmering altar of Xom.
  7292 | D:8      | Reached skill level 12 in Axes
  7372 | D:8      | Found a sacrificial altar of Ru.
  7667 | D:8      | Found an ornate altar of the Wu Jian Council.
  7668 | D:8      | Found a sparkling altar of Nemelex Xobeh.
  7668 | D:8      | Found a bloodstained altar of Trog.
  7668 | D:8      | Found a burning altar of Makhleb.
  7942 | D:8      | Noticed Grum
  7957 | D:8      | Killed Grum
  8385 | D:9      | Found a staircase to the Orcish Mines.
  9367 | Orc:1    | Entered Level 1 of the Orcish Mines
  9459 | Orc:1    | Noticed Erica
  9496 | Orc:2    | Entered Level 2 of the Orcish Mines
  9507 | Orc:1    | HP: 1/93 [something/bolt of poison (24)]
  9509 | Orc:1    | Mangled by Erica

Skill      XL: |  1  2  3  4  5  6  7  8  9 10 |
---------------+-------------------------------+-----
Axes           | 4 5 6 8 9 11 12 | 12.9
Fighting       | 4 5 6 7 8 9 |  9.8
Armour         | 3 4 5 6 8 9 |  9.4
Dodging        | 3 4 6 7 8 |  8.6

Action                   |  1- 3 |  4- 6 |  7- 9 | 10-12 || total
-------------------------+-------+-------+-------+-------++-------
Melee: Hand axe          |    78 |    60 |   259 |   370 ||   767
       Headbutt          |     9 |    22 |    50 |    77 ||   158
       War axe           |       |    38 |       |       ||    38
Throw: Tomahawk          |     6 |       |       |       ||     6
Invok: Berserk           |     3 |     5 |     8 |     5 ||    21
       Trog's Hand       |       |       |     4 |     3 ||     7
       Brothers in Arms  |       |       |     1 |     1 ||     2
  Use: Scroll            |     1 |       |     4 |       ||     5
       Potion            |       |       |       |     3 ||     3
 Stab: Distracted        |       |       |       |     1 ||     1
  Eat: Chunk             |     6 |     9 |    15 |    18 ||    48
       Ration            |       |       |     1 |     1 ||     2
Armor: Animal skin       |     4 |       |       |       ||     4
       Scale mail        |    27 |    21 |    23 |       ||    71
       Chain mail        |       |       |    65 |   118 ||   183
Dodge: Dodged            |    45 |    58 |    96 |   151 ||   350
